 Dungeon Sprint DCSS version 0.29-a0-824-gd827844252 (webtiles) character file.

Game seed: 12758428894122876987

2 rocky1 the Poker (level 1, -1/16 HPs)
             Began as a Merfolk Gladiator on July 10, 2022.
             Killed by nerve-wracking pain
             ... invoked by Jessica
              (11 damage)
             ... in the Dungeon (Sprint III: "The Ten Rune Challenge").
             The game lasted 00:00:48 (55 turns).

rocky1 the Poker (Merfolk Gladiator)                  Turns: 55, Time: 00:00:48

Health: -1/16      AC:  4    Str: 14    XL:     1   Next: 30%
Magic:  1/1        EV: 13    Int:  7    God:
Gold:   15         SH:  0    Dex: 15    Spells: 0/0 levels left

rFire   . . .      SeeInvis .   a - +0 trident
rCold   . . .      Faith    .   (no shield)
rNeg    . . .      Spirit   .   b - +0 leather armour
rPois   .          Reflect  .   c - +0 helmet
rElec   .          Harm     .   (no cloak)
rCorr   .          Rampage  .   (no gloves)
Will    .....      NoTele   +   (no boots)
Stlth   +.........              (no amulet)
HPRegen 0.05/turn               (no ring)
MPRegen 0.07/turn               (no ring)

@: no status effects
A: (nimble swimmer 2), mertail
a: no special abilities


You were in the Dungeon.
You visited 1 branch You collected 15 gold pieces.

Inventory:

Hand Weapons
 a - a +0 trident (weapon)
Missiles
 d - 3 throwing nets (quivered)
 e - a javelin
Armour
 b - a +0 leather armour (worn)
 c - a +0 helmet (worn)
Scrolls
 k - a scroll of blinking
 l - a scroll of fear {unknown}
Potions
 f - a potion of curing
 g - a potion of heal wounds
 h - a potion of haste
 i - 2 potions of magic
 j - a potion of berserk rage


   Skills:
 - Level 2.1 Fighting
 + Level 5.2 Polearms
 - Level 2.0 Throwing
 - Level 4.0 Dodging


You couldn't memorise any spells.
You didn't know any spells.
Your spell library was empty.

Dungeon Overview and Level Annotations

Branches:
Dungeon (1/1)

Altars:

Annotations:
D Jessica


Innate Abilities, Weirdness & Mutations

((You are very nimble when in or above water. (Stealth+, EV+, Speed+++)))
Your lower body shifts to a powerful aquatic tail in water.


Message History

Found a staircase leading out of the dungeon.
A rat comes into view.
You reach to attack!
You hit the rat.
You kill the rat!
A rat comes into view.
Found a scroll labelled TOCEENG MOYF.
You closely miss the rat. The rat bites you.
You hit the rat but do no damage. The rat misses you.
You hit the rat but do no damage. The rat misses you.
You puncture the rat!
You kill the rat!
Your Polearms skill increases to level 5!
You see here a rat corpse.
l - a scroll labelled TOCEENG MOYF You see here a rat corpse.
Found 15 gold pieces.
A rat comes into view.
You reach to attack!
You puncture the rat!
You kill the rat!
You now have 15 gold pieces.
You see here a rat corpse.
Jessica the Apprentice Sorceress comes into view.
She is wielding a +0 club.
You reach to attack!
The helpless Jessica fails to defend herself.
You hit Jessica but do no damage. You barely miss Jessica.
Jessica closely misses you.
You barely miss Jessica. Jessica misses you.
You hit Jessica.
Jessica is heavily wounded.
Jessica mumbles some strange words.
Jessica seems to speed up.
You hit Jessica but do no damage.
Jessica is heavily wounded.
Jessica hits you with a +0 club. x2
You hit Jessica.
Jessica is almost dead.
Jessica casts a spell at you. Pain shoots through your body!
Ouch! That really hurt!
You die...

▓▓▓▓▓▓▓▓▓
▓<..#...####
▓...#......##
▓..##....†..#
▓##.##.##...#
##.##.###..#
▓#.####.##..#
▓.###..##@.##
▓#.....##@.#
###†.##...#
##..##....#
#..###..##.
#..# #.. ##
▓▓▓▓ ▓▓▓


You could see Jessica (fast).

Vanquished Creatures
  3 rats (D)
3 creatures vanquished.

Notes
Turn   | Place    | Note
-------+----------+-------------------------------------------
     0 | D        | rocky1 the Merfolk Gladiator began the quest for the Orb.
     0 | D        | Reached XP level 1. HP: 16/16 MP: 1/1
    15 | D        | Reached skill level 5 in Polearms
    46 | D        | Noticed Jessica
    55 | D        | Killed from afar by Jessica

Illustrated notes

Levels and vault maps discovered:
D:        dungeon_sprint_mu [sprint_mu_entry_cave, sprint_mu_temple_rooms,
          sprint_mu_d1_horrors, sprint_mu_d2_genie, sprint_mu_d3_branching,
          sprint_mu_orc_legion, sprint_mu_elf_gauntlet, sprint_mu_hive_nellie,
          sprint_mu_lair_fedhas, sprint_mu_vaults_butterflies,
          sprint_mu_slime_circle, sprint_mu_swamp_cave, sprint_mu_snake_twists,
          sprint_mu_blade_basic, sprint_mu_crypt_fortress,
          sprint_mu_tomb_spiral, sprint_mu_vestibule_basic,
          sprint_mu_gehenna_hellfire, sprint_mu_dis_giant,
          sprint_mu_tartarus_statrot, sprint_mu_cocytus_islands, sprint_mu_zot1]

Skill      XL: |  1 |
---------------+----+-----
Polearms       | 5 |  5.2
Fighting       | |  2.1
Throwing       | |  2.0
Dodging        | |  4.0

Action                   || total
-------------------------++-------
Melee: Trident           ||    12
 Stab: Sleeping          ||     1
Dodge: Dodged            ||     4

Table legend: (Time is in decaauts)
 A = Elapsed time spent in this place.
 B = Non-inter-level travel time spent in this place.
 C = Inter-level travel time spent in this place.
 D = Time resting spent in this place.
 E = Time spent auto-exploring this place.
 F = Levels seen in this place.
 G = Mean time per level.
                   A        B        C        D        E       F      G
               +--------+--------+--------+--------+--------+-----+--------+
         Total |     55 |     55 |      0 |      0 |      0 |   1 |   55.0 |
       Dungeon |     55 |     55 |      0 |      0 |      0 |   1 |   55.0 |
               +--------+--------+--------+--------+--------+-----+--------+

Top non-repeatable levels by time:
       D: 55 daAuts
